AoeStats
← jantotu

Arabia

510176476Analyzed
1v1 RM · 3d ago on Sep 29, 2026· 46m 50s· 2 players
Game mode
Random Map
Map size
Tiny (2 player)
Population
200
Speed
Normal
Resources
Standard
Victory
Conquest
Starting age
Dark Age
Ending age
Imperial Age
RankedLock teamsTeams togetherTeam positionsShared explorationLock speedFull tech treeHidden civsTurbo modeCheats
Victory
Defeat
🇦🇷 Maya · Argentina
1261
+17
🇨🇭 Berbers · Switzerland
1292
-17
SerialVoobler
0:25 Loom
9:21 Feudal Age
9:29 Man-at-Arms
17:47 Wheelbarrow
20:55 Castle Age
19:50 Scale Mail Armor
19:44 Gold Mining
20:01 Town Watch
21:19 Eagle Warrior
22:01 Squires
22:17 Chain Mail Armor
23:16 Horse Collar
26:13 Double-Bit Axe
27:58 Stone Mining
29:20 Arson
31:22 Fervor
35:29 Imperial Age
34:10 Fletching
35:01 Forging
34:57 Bodkin Arrow
35:41 Padded Archer Armor
36:13 Ballistics
36:41 Iron Casting
37:13 Plate Mail Armor
36:48 Bracer
41:00 Blast Furnace
40:17 Leather Archer Armor
41:08 Chemistry
41:07 Hand Cart
42:21 Capped Ram
43:23 Guilds
44:04 Holcans
43:55 Conscription
45:18 Town Patrol
45:29 Bow Saw
45:20 Heavy Plow
47:52 Ring Archer Armor
jantotu
7:52 Loom
10:29 Feudal Age
10:38 Man-at-Arms
14:42 Fletching
17:06 Double-Bit Axe
17:23 Horse Collar
24:03 Castle Age
23:04 Scale Mail Armor
25:16 Long Swordsman
31:07 Squires
31:10 Padded Archer Armor
33:53 Wheelbarrow
34:15 Bow Saw
34:12 Bodkin Arrow
41:59 Imperial Age
40:09 Leather Archer Armor
40:05 Forging
41:50 Elite Skirmisher
42:42 Bloodlines
42:56 Bracer
43:27 Ring Archer Armor
43:27 Two-Handed Swordsman
46:23 Ballistics
Connection lost

Rejoining the realm…

Still unreachable

The connection could not be restored.

Session expired

The server has moved on; the page needs a fresh start.